MWL (24 & UNDER)
BARRY'S BAY ORIOLES @ PLUMSTEAD EAGLES
09/02/2027
 
TOP OF THE 1ST
Barry's Bay Orioles batting - Pitching for Plumstead Eagles : LHP Joe Cates
Pitching: LHP Joe Cates
Batting: SHB Emílio Calvillo 0-0: Foul Ball, location: 2F
0-1: Foul Ball, location: 2F
0-2: Ball
1-2: Strikes out swinging
Batting: LHB Ryan Rheaume 0-0: Swinging Strike
0-1: Ball
1-1: Ball
2-1: Foul Ball, location: 2F
2-2: Strikes out swinging
Batting: RHB Tomás Díaz 0-0: Foul Ball, location: 2F
0-1: Foul Ball, location: 2F
0-2: Ball
1-2: Foul Ball, location: 2F
1-2: Strikes out looking
Top of the 1st over - 0 run(s), 0 hit(s), 0 error(s), 0 left on base; Barry's Bay 0 - Plumstead 0
BOTTOM OF THE 1ST
Plumstead Eagles batting - Pitching for Barry's Bay Orioles : LHP Bernardo Valero
Pitching: LHP Bernardo Valero
Batting: RHB Pablo Villarreal 0-0: Called Strike
0-1: Ball
1-1: SINGLE (Groundball, 23) (infield hit)
Batting: RHB Jeff Townsley 0-0: Ball
1-0: Foul Ball, location: 2F
1-1: 2-RUN HOME RUN (Flyball, 7LD), Distance : 375 ft
Batting: RHB José Ortega 0-0: Ball
1-0: Ball
2-0: Foul Ball, location: 2F
2-1: DOUBLE (Line Drive, 7LD)
Batting: RHB Juan Caceres 0-0: Ball
1-0: Foul Ball, location: 2F
1-1: Ball
2-1: Ball
3-1: Base on Balls
Batting: RHB Jaime Rodríguez 0-0: Ball
1-0: Fly out, F8 (Flyball, 8RS)
Batting: RHB Kolomon Meise 0-0: Called Strike
0-1: Fly out, F8 (Flyball, 78M)
Batting: RHB José Moreno 0-0: Swinging Strike
0-1: Ball
1-1: Foul Ball, location: 2F
1-2: Ball
2-2: Ball
3-2: Strikes out swinging
Bottom of the 1st over - 2 run(s), 3 hit(s), 0 error(s), 2 left on base; Barry's Bay 0 - Plumstead 2
TOP OF THE 2ND
Barry's Bay Orioles batting - Pitching for Plumstead Eagles : LHP Joe Cates
Batting: RHB Lorenzo Silva 0-0: Called Strike
0-1: Called Strike
0-2: Ball
1-2: SINGLE (Line Drive, 34)
Batting: SHB Terry Christian 0-0: Ball
1-0: SINGLE (Groundball, 56D)
Lorenzo Silva to second
Batting: RHB Guy Morrison 0-0: Called Strike
0-1: Swinging Strike
0-2: Ball
1-2: Foul Ball, location: 2F
1-2: Foul Ball, location: 2F
1-2: Foul Ball, location: 2F
1-2: Ground out 4-3 (Groundball, 4M)
Lorenzo Silva to third
Terry Christian to second
Batting: RHB Octávio Aldeguer 0-0: Swinging Strike
0-1: Ball
1-1: Fly out, F9 (Flyball, 89M)
Runner from 3rd tags up, SCORES, throw made
Batting: RHB Bill Pike 0-0: Called Strike
0-1: Called Strike
0-2: Ball
Passed Ball!
Terry Christian to third
1-2: Strikes out swinging
Top of the 2nd over - 1 run(s), 2 hit(s), 0 error(s), 1 left on base; Barry's Bay 1 - Plumstead 2
BOTTOM OF THE 2ND
Plumstead Eagles batting - Pitching for Barry's Bay Orioles : LHP Bernardo Valero
Batting: RHB Howard Johnson 0-0: Swinging Strike
0-1: Swinging Strike
0-2: Ground out 4-3 (Groundball, 4M)
Batting: LHB Ryan Flynn 0-0: Ball
1-0: Foul Ball, location: 2F
1-1: Foul Ball, location: 2F
1-2: Strikes out swinging
Batting: RHB Pablo Villarreal 0-0: Ball
1-0: Ball
2-0: Called Strike
2-1: Ground out 6-3 (Groundball, 6)
Bottom of the 2nd over - 0 run(s), 0 hit(s), 0 error(s), 0 left on base; Barry's Bay 1 - Plumstead 2
TOP OF THE 3RD
Barry's Bay Orioles batting - Pitching for Plumstead Eagles : LHP Joe Cates
Batting: LHB Rodney Harrison 0-0: Ball
1-0: Ground out 1-3 (Groundball, 15S)
Batting: SHB Emílio Calvillo 0-0: Ball
1-0: Ball
2-0: Called Strike
2-1: Ground out U3 (Groundball, 2R)
Batting: LHB Ryan Rheaume 0-0: Ball
1-0: Ball
2-0: Ball
3-0: Base on Balls
Batting: RHB Tomás Díaz 0-0: Ball
1-0: Ball
2-0: Foul Ball, location: 2F
2-1: Ball
3-1: Foul Ball, location: 2F
3-2: SINGLE (Groundball, 5S) (infield hit)
Ryan Rheaume to second
Batting: RHB Lorenzo Silva 0-0: Called Strike
0-1: Ball
1-1: Ball
2-1: Fielders Choice at 2nd, 6-4 (Groundball, 6)
Top of the 3rd over - 0 run(s), 1 hit(s), 0 error(s), 1 left on base; Barry's Bay 1 - Plumstead 2
BOTTOM OF THE 3RD
Plumstead Eagles batting - Pitching for Barry's Bay Orioles : LHP Bernardo Valero
Batting: RHB Jeff Townsley 0-0: Ball
1-0: Ball
2-0: Ball
3-0: Ground out 3-1 (Groundball, 34)
Batting: RHB José Ortega 0-0: Called Strike
0-1: Foul Ball, location: 2F
0-2: Ball
1-2: Ball
2-2: Foul Ball, location: 2F
2-2: Ball
3-2: DOUBLE (Flyball, 78D)
Batting: RHB Juan Caceres 0-0: Ball
1-0: Ball
2-0: Ball
3-0: Base on Balls
Batting: RHB Jaime Rodríguez 0-0: Called Strike
0-1: Ball
1-1: Foul Ball, location: 2F
1-2: Ball
2-2: SINGLE (Flyball, 8RS)
José Ortega to third
Juan Caceres to second
Batting: RHB Kolomon Meise 0-0: Ball
1-0: GRAND SLAM HOME RUN (Flyball, 7D), Distance : 381 ft
Pitching: RHP Herb Parker
Batting: RHB José Moreno 0-0: Foul Ball, location: 2F
0-1: Foul Ball, location: 2F
0-2: Ground out 5-3 (Groundball, 5)
Batting: RHB Howard Johnson 0-0: Called Strike
0-1: Fly out, F8 (Flyball, 89M)
Bottom of the 3rd over - 4 run(s), 3 hit(s), 0 error(s), 0 left on base; Barry's Bay 1 - Plumstead 6
TOP OF THE 4TH
Barry's Bay Orioles batting - Pitching for Plumstead Eagles : LHP Joe Cates
Batting: SHB Terry Christian 0-0: Called Strike
0-1: Ball
1-1: Swinging Strike
1-2: Strikes out swinging
Batting: RHB Guy Morrison 0-0: Ball
1-0: Ball
2-0: Foul Ball, location: 2F
2-1: Called Strike
2-2: Strikes out swinging
Batting: RHB Octávio Aldeguer 0-0: Ball
1-0: Ball
2-0: Called Strike
2-1: Fly out, F8 (Flyball, 8RM)
Top of the 4th over - 0 run(s), 0 hit(s), 0 error(s), 0 left on base; Barry's Bay 1 - Plumstead 6
BOTTOM OF THE 4TH
Plumstead Eagles batting - Pitching for Barry's Bay Orioles : RHP Herb Parker
Batting: LHB Ryan Flynn 0-0: Called Strike
0-1: Ball
1-1: Ball
2-1: Called Strike
2-2: Fly out, F9 (Flyball, 9LS)
Batting: RHB Pablo Villarreal 0-0: Foul Ball, location: 2F
0-1: Called Strike
0-2: Fly out, F6 (Line Drive, 6)
Batting: RHB Jeff Townsley 0-0: Ball
1-0: Ball
2-0: Ground out 5-3 (Groundball, 56S)
Bottom of the 4th over - 0 run(s), 0 hit(s), 0 error(s), 0 left on base; Barry's Bay 1 - Plumstead 6
TOP OF THE 5TH
Barry's Bay Orioles batting - Pitching for Plumstead Eagles : LHP Joe Cates
Batting: RHB Bill Pike 0-0: Ball
1-0: Called Strike
1-1: Swinging Strike
1-2: Strikes out swinging
Batting: LHB Rodney Harrison 0-0: Ground out 6-3 (Groundball, 6M)
Batting: SHB Emílio Calvillo 0-0: Called Strike
0-1: Foul Ball, location: 2F
0-2: Ball
1-2: Foul Ball, location: 2F
1-2: Ball
2-2: Strikes out swinging
Top of the 5th over - 0 run(s), 0 hit(s), 0 error(s), 0 left on base; Barry's Bay 1 - Plumstead 6
BOTTOM OF THE 5TH
Plumstead Eagles batting - Pitching for Barry's Bay Orioles : RHP Herb Parker
Batting: RHB José Ortega 0-0: Called Strike
0-1: Ball
1-1: Swinging Strike
1-2: Ball
2-2: Strikes out swinging
Batting: RHB Juan Caceres 0-0: Ball
1-0: Called Strike
1-1: Fly out, F8 (Flyball, 8LM)
Batting: RHB Jaime Rodríguez 0-0: Ball
1-0: Ball
2-0: Called Strike
2-1: Ball
3-1: Base on Balls
Batting: RHB Kolomon Meise 0-0: Foul Ball, location: 2F
0-1: Ball
1-1: SINGLE (Groundball, 56D)
Jaime Rodríguez to second
Batting: RHB José Moreno 0-0: Fielders Choice at 2nd, 5-4 (Groundball, 56)
Bottom of the 5th over - 0 run(s), 1 hit(s), 0 error(s), 1 left on base; Barry's Bay 1 - Plumstead 6
TOP OF THE 6TH
Barry's Bay Orioles batting - Pitching for Plumstead Eagles : LHP Joe Cates
Batting: LHB Ryan Rheaume 0-0: Ball
1-0: Called Strike
1-1: Ball
2-1: Foul Ball, location: 2F
2-2: Foul Ball, location: 2F
2-2: Ball
3-2: Foul Ball, location: 2F
3-2: Base on Balls
Pitching: RHP Paul Orr
Batting: RHB Tomás Díaz 0-0: Called Strike
0-1: Called Strike
0-2: Ball
1-2: Strikes out swinging
Batting: RHB Lorenzo Silva 0-0: SINGLE (Flyball, 8RS)
Ryan Rheaume to second
Batting: SHB Terry Christian 0-0: Ball
1-0: Ball
2-0: Ball
3-0: Base on Balls
Ryan Rheaume to third
Lorenzo Silva to second
Batting: RHB Guy Morrison 0-0: Ball
1-0: Ball
2-0: Foul Ball, location: 2F
2-1: Swinging Strike
2-2: Strikes out swinging
Batting: RHB Octávio Aldeguer 0-0: Called Strike
0-1: Foul Ball, location: 2F
0-2: SINGLE (Groundball, 34D)
Ryan Rheaume scores
Lorenzo Silva to third
Terry Christian to second
Runner from 3rd tries for Home, SAFE, no throw
Batting: RHB Bill Pike 0-0: Called Strike
0-1: Swinging Strike
0-2: Foul Ball, location: 2F
0-2: Foul Ball, location: 2F
0-2: Strikes out swinging
Top of the 6th over - 2 run(s), 2 hit(s), 0 error(s), 2 left on base; Barry's Bay 3 - Plumstead 6
BOTTOM OF THE 6TH
Plumstead Eagles batting - Pitching for Barry's Bay Orioles : RHP Herb Parker
Batting: RHB Howard Johnson 0-0: Called Strike
0-1: Foul Ball, location: 2F
0-2: Ball
1-2: Ball
2-2: Ball
3-2: Foul Ball, location: 2F
3-2: Strikes out swinging
Pitching: RHP Rosendo Alonso
Batting: LHB Ryan Flynn 0-0: Ball
1-0: Swinging Strike
1-1: Swinging Strike
1-2: Ball
2-2: Ball
3-2: Base on Balls
Batting: RHB Pablo Villarreal 0-0: Ball
1-0: Fly out, F9 (Line Drive, 9)
Batting: RHB Jeff Townsley Balk!
Ryan Flynn to second
0-0: Ball
1-0: Ground out 1-3 (Groundball, 13)
Bottom of the 6th over - 0 run(s), 0 hit(s), 0 error(s), 1 left on base; Barry's Bay 3 - Plumstead 6
TOP OF THE 7TH
Barry's Bay Orioles batting - Pitching for Plumstead Eagles : RHP Paul Orr
Batting: LHB Rodney Harrison 0-0: Swinging Strike
0-1: SINGLE (Groundball, 6MD)
Batting: SHB Emílio Calvillo 0-0: Ball
1-0: Ball
2-0: Called Strike
2-1: Fielders Choice at 2nd, 6-4 (Groundball, 6)
Batting: LHB Ryan Rheaume 0-0: Ball
1-0: Called Strike
1-1: Ball
2-1: Foul Ball, location: 2F
2-2: Strikes out swinging
Batting: RHB Tomás Díaz 0-0: Called Strike
0-1: Ball
1-1: Ball
2-1: SINGLE (Groundball, 6MD)
Emílio Calvillo to second
Runner from 2nd tries for 3rd, SAFE, throw made to third
Tomás Díaz to second
Batting: RHB Lorenzo Silva 0-0: Ball
1-0: Called Strike
1-1: Foul Ball, location: 2F
1-2: Ball
2-2: Ball
3-2: Base on Balls
Batting: SHB Terry Christian 0-0: Called Strike
0-1: Foul Ball, location: 2F
0-2: Strikes out swinging
Top of the 7th over - 0 run(s), 2 hit(s), 0 error(s), 3 left on base; Barry's Bay 3 - Plumstead 6
BOTTOM OF THE 7TH
Plumstead Eagles batting - Pitching for Barry's Bay Orioles : RHP Rosendo Alonso
Batting: RHB José Ortega 0-0: Foul Ball, location: 2F
0-1: Swinging Strike
0-2: Ground out 6-3 (Groundball, 6MD)
Batting: RHB Juan Caceres 0-0: Called Strike
0-1: Ball
1-1: Fly out, F4 (Line Drive, 4)
Batting: RHB Jaime Rodríguez 0-0: SINGLE (Groundball, 6MD)
Batting: RHB Kolomon Meise 0-0: Fielders Choice at 2nd, 6-4 (Groundball, 6)
Bottom of the 7th over - 0 run(s), 1 hit(s), 0 error(s), 0 left on base; Barry's Bay 3 - Plumstead 6
TOP OF THE 8TH
Barry's Bay Orioles batting - Pitching for Plumstead Eagles : RHP Paul Orr
Batting: RHB Guy Morrison 0-0: Called Strike
0-1: SINGLE (Groundball, 56D)
Pitching: LHP Pat Bruce
Batting: RHB Octávio Aldeguer 0-0: Ball
1-0: Fly out, F6 (Popup, 6S)
Batting: RHB Bill Pike 0-0: Swinging Strike
0-1: Ball
1-1: Ball
2-1: Foul Ball, location: 2F
2-2: Foul Ball, location: 2F
2-2: Foul Ball, location: 2F
2-2: Strikes out swinging
Batting: LHB Rodney Harrison 0-0: Ball
1-0: Ball
2-0: Ball
3-0: Called Strike
3-1: Fielders Choice at 2nd, 4-6 (Groundball, 4)
Top of the 8th over - 0 run(s), 1 hit(s), 0 error(s), 0 left on base; Barry's Bay 3 - Plumstead 6
BOTTOM OF THE 8TH
Plumstead Eagles batting - Pitching for Barry's Bay Orioles : RHP Rosendo Alonso
Batting: RHB José Moreno 0-0: Swinging Strike
0-1: Ball
1-1: Swinging Strike
1-2: Ball
2-2: Foul Ball, location: 2F
2-2: Strikes out swinging
Batting: RHB Howard Johnson 0-0: Ball
1-0: Called Strike
1-1: Called Strike
1-2: Strikes out looking
Batting: LHB Ryan Flynn 0-0: Called Strike
0-1: Fly out, F9 (Line Drive, 9)
Bottom of the 8th over - 0 run(s), 0 hit(s), 0 error(s), 0 left on base; Barry's Bay 3 - Plumstead 6
TOP OF THE 9TH
Barry's Bay Orioles batting - Pitching for Plumstead Eagles : LHP Pat Bruce
Pitching: RHP Jesús Manuel
Batting: SHB Emílio Calvillo 0-0: Ball
1-0: Swinging Strike
1-1: Foul Ball, location: 2F
1-2: Ball
Error on foul ball, E2
2-2: Fly out, F9 (Flyball, 9S)
Batting: LHB Ryan Rheaume 0-0: Ball
1-0: Ball
2-0: Ball
3-0: Called Strike
3-1: Base on Balls
Batting: RHB Tomás Díaz 0-0: Ball
1-0: Called Strike
1-1: Swinging Strike
1-2: Strikes out swinging
Batting: RHB Lorenzo Silva 0-0: Ball
1-0: Ball
2-0: Foul Ball, location: 2F
2-1: Called Strike
2-2: Foul Ball, location: 2F
2-2: Strikes out swinging
Top of the 9th over - 0 run(s), 0 hit(s), 1 error(s), 1 left on base; Barry's Bay 3 - Plumstead 6
Thursday, March 30th, 2017 - OOTP Baseball 17.12 Build 75